[Event "Early-Titled-Tuesday-Blitz-October-24-2023"]
[Site "Chess.com"]
[Date "2023.10.24"]
[Round "6"]
[White "CristianS27"]
[Black "blitzking1729"]
[Result "1-0"]
[WhiteElo "2561"]
[BlackElo "2798"]
[TimeControl "180+1"]
[EndTime "9:05:43 PDT"]
[Termination "CristianS27 won by resignation"]

1. e4 g6 2. d4 Bg7 3. Nc3 d6 4. Nf3 a6 5. h3 Nf6 6. Be3 O-O 7. Bd3 Nc6 8. O-O e5 9. dxe5 dxe5 10. Bc4 Qe7 11. a4 h6 12. Qe2 Be6 13. Rfd1 Rfd8 14.
Nd5 Bxd5 15. exd5 Na5 16. Ba2 b6 17. c3 Nb7 18. Bd4 e4 19. Ne5 Re8 20. Nxg6 Qd6 21. Nh4 Qf4 22. g3 Qg5 23. Be3 Qh5 24. Qxh5 Nxh5 25.
Nf5 Kh7 26. d6 Nxd6 27. Nxd6 cxd6 28. Bxf7 Nf6 29. Bxe8 Nxe8 30. Bxb6 Rb8 31. Bd4 Rxb2 32. Bxg7 Kxg7 33. Rab1 Ra2 34. Rb4 e3 35. fxe3 Kf7 36.
Rf4+ Ke7 37. Rf2 Rxa4 38. Rd4 Ra1+ 39. Kg2 Ra3 40. Rc2 Nf6 41. Rh4 Nd5 42. Kf3 Nxc3 43.
Rxh6 Nd5 44. h4 Nxe3 45. Re2 Kd7 46. Rxe3 Ra1 47. Rh7+ Kc6 48. h5 Rf1+ 49. Kg2 Rf6 50. h6 Kc5 51. g4 Kd4 52. Rf3 Rg6 53. Kg3 a5 54. Ra3 d5 55. Rxa5 Ke4 56. Kh4 d4 57. Re7+ Kf3 58. Rf5+ Kg2 59. Kh5 Rb6 60. h7 Rb1 61.
Kg6 Rb8 62. g5 d3 63. Rd7 Kg3 64.
Rxd3+ Kg4 65. Rd4+ Kg3 66. Kg7 Rb7+ 67. Rf7 Rb8 68.
h8=Q Rxh8 69. Kxh8 1-0

[Event "Early-Titled-Tuesday-Blitz-October-24-2023"]
[Site "Chess.com"]
[Date "2023.10.24"]
[Round "6"]
[White "Rodalquilar"]
[Black "HajiyevKanan"]
[Result "1/2-1/2"]
[WhiteElo "2746"]
[BlackElo "2568"]
[TimeControl "180+1"]
[EndTime "9:05:44 PDT"]
[Termination "Game drawn by repetition"]

1. d4 d5 2. Nf3 c5 3. c4 cxd4 4. Qxd4 Nf6 5. cxd5 Qxd5 6. Nc3 Qxd4 7. Nxd4 a6 8. g3 e5 9. Nb3 Nc6 10. Bg2 Bb4 11. Bd2 Be6 12. O-O O-O 13. Rfc1 Bxb3 14. axb3 Nd4 15. Ra4 Bxc3 16. Rxc3 Nxe2+ 17. Kf1 Nxc3 18. Bxc3 Rfe8 19. Bxb7 Rab8 20. Bxa6 Rxb3 21. Bc4 Rb7 22. Kg2 h5 23. h3 Nd7 24. Bd5 Nc5 25. Bxb7 Nxa4 26.
Bc6 Nxc3 27. Bxe8 Nd5 28. Bc6 Nb4 29. Be4 g6 30. g4 hxg4 31. hxg4 g5 32. Kf3 Kf8 33.
Ke3 Ke7 34. Kd2 Kd6 35. Bb7 Kc5 36. Kc3 Na2+ 37. Kd3 Kd6 38. Kc4 Nc1 39. Bf3 Na2 40. b4 f6 41. b5 Nc1 42. b6 Na2 43. Bd5 Nc1 44. Bf3 Na2 45. Kb5 e4 46. Ka6 exf3 47. b7 Nb4+ 48. Kb5 Nc6 49. Kc4 Ke5 50. Kc5 Nb8 51.
Kb6 Kf4 52. Kc7 Na6+ 53. Kb6 Nb8 54. Kc7 Na6+ 55. Kb6 Nb8 1/2-1/2

[Event "Early-Titled-Tuesday-Blitz-October-24-2023"]
[Site "Chess.com"]
[Date "2023.10.24"]
[Round "6"]
[White "SaqoChess_Twitch"]
[Black "Hovik_Hayrapetyan"]
[Result "0-1"]
[WhiteElo "2574"]
[BlackElo "2808"]
[TimeControl "180+1"]
[EndTime "9:05:45 PDT"]
[Termination "Hovik_Hayrapetyan won by resignation"]

1. d4 Nf6 2. c4 e6 3. Nc3 Bb4 4.
a3 Bxc3+ 5. bxc3 b6 6. e3 Nc6 7. Bd3 Ba6 8. e4 Na5 9. e5 Ng8 10. Qg4 Kf8 11. Bg5 Qc8 12. Qe2 h6 13. Be3 Ne7 14.
Nh3 c5 15. d5 exd5 16. cxd5 Bxd3 17. Qxd3 d6 18. exd6 Nf5 19. O-O Nxd6 20. Nf4 Qf5 21. Qa6 g6 22. g3 Nac4 23. Rfe1 Kg7 24. Ng2 Rhe8 25. Bf4 Qxd5 26. Red1 Qc6 27. Ne3 Nxe3 28. fxe3 Nf5 29. Qd3 Rad8 30. Qc2 Rxd1+ 31. Rxd1 Nxe3 32. Bxe3 Rxe3 33. Rf1 Qe6 34. c4 Re2 35. Qc3+ Qe5 36. Qxe5+ Rxe5 37. Rd1 Re3 38. a4 Ra3 39. Rd7 Rxa4 40.
Kg2 Rxc4 41. Rxa7 b5 42. Rb7 b4 43. h4 Rc3 44. Kh3 h5 45. Rb6 b3 46. Rb7 c4 47.
Rb5 Rc2 48. g4 Rc3+ 49. Kg2 hxg4 50. Kh2 Kh6 51. Kg2 f5 52. Rb8 f4 53. Kf2 Rc2+ 54.
Ke1 b2 55. Kd1 Rc1+ 56. Kd2 c3+ 57. Ke2 b1=Q 58. Rh8+ Kg7 0-1

[Event "Early-Titled-Tuesday-Blitz-October-24-2023"]
[Site "Chess.com"]
[Date "2023.10.24"]
[Round "6"]
[White "laiciffOneslraCsungaM"]
[Black "PenguiinQueen"]
[Result "0-1"]
[WhiteElo "2327"]
[BlackElo "2241"]
[TimeControl "180+1"]
[EndTime "9:05:45 PDT"]
[Termination "PenguiinQueen won by resignation"]

1. d4 Nf6 2. Bf4 d6 3. Nf3 g6 4. h3 Bg7 5. e3 Kf8 6. Be2 Ke8 7. O-O Nbd7 8. Bh2 c6 9. c4 h5 10. Nc3 a5 11. e4 Kf8 12. Re1 Kg8 13. e5 Ne8 14.
Bd3 dxe5 15. dxe5 Nc5 16. Bc2 Be6 17. b3 Qxd1 18. Raxd1 Bh6 19. a3 Kg7 20. Nd4 Nc7 21. f4 Rhd8 22. f5 gxf5 23. Nxf5+ Bxf5 24. Bxf5 N7e6 25. b4 axb4 26. axb4 Nd4 27. Rxd4 Rxd4 28. bxc5 Bd2 29. Ne2 Rxc4 30. Rd1 Be3+ 31. Kf1 Bxc5 32. e6 f6 33. Bg1 Bd6 34. Be3 Ra2 35. Rd2 Ra1+ 36.
Kf2 b5 37. Bd3 Rca4 38. Nd4 R4a2 39. Nf5+ Kf8 40. Nd4 Rxd2+ 41. Bxd2 b4 42. Nxc6 b3 43. Bc3 Ra2+ 44. Ke3 b2 45. Nd4 Ra3 46. Bxb2 Ra2 47.
Bc3 Bc5 48. Ke4 Rxg2 49. Nc6 Rg3 50. Bd4 Bd6 51. Bc5 Bxc5 0-1

[Event "Early-Titled-Tuesday-Blitz-October-24-2023"]
[Site "Chess.com"]
[Date "2023.10.24"]
[Round "6"]
[White "matenitian"]
[Black "FGHSMN"]
[Result "0-1"]
[WhiteElo "2581"]
[BlackElo "2882"]
[TimeControl "180+1"]
[EndTime "9:05:47 PDT"]
[Termination "FGHSMN won on time"]

1. e4 c6 2. Nf3 d5 3. d3 g6 4.
Nc3 Bg7 5. exd5 cxd5 6. d4 Nc6 7. h3 Bf5 8. Bb5 Nf6 9. O-O O-O 10. Bxc6 bxc6 11.
Ne5 Rc8 12. Bf4 Nd7 13. Nxd7 Qxd7 14. Na4 f6 15. Nc5 Qe8 16. Re1 e5 17. c3 Rc7 18. Qa4 Re7 19. dxe5 fxe5 20. Bg5 Ref7 21. Rad1 Qc8 22. Qh4 Qb8 23. b4 a5 24. a3 axb4 25. axb4 e4 26. Re3 Be5 27. Bh6 Re8 28. f3 Bg3 29. Qg5 Bc8 30. fxe4 Bf2+ 31. Kh1 Bxe3 32. Qxe3 Qe5 33. Qd4 Qxd4 34. Rxd4 dxe4 35. Nxe4 Be6 36. Ng5 Rf1+ 37. Kh2 Bf7 38. Rd7 Rf5 39.
Rc7 Re2 40. Rc8+ Be8 41. Rc7 Bf7 42. Rc8+ Re8 43. Rc7 Rf6 44. h4 Re2 45. Rc8+ Re8 46. Rc7 Ra8 47. c4 Rf4 48. b5 Rxh4+ 49. Kg3 Rxh6 50.
Nxf7 Rh5 51. b6 Ra3+ 52. Kf2 Rf5+ 53. Ke2 Rxf7 54. Rxf7 Kxf7 55. c5 Rb3 0-1

[Event "Early-Titled-Tuesday-Blitz-October-24-2023"]
[Site "Chess.com"]
[Date "2023.10.24"]
[Round "6"]
[White "Shivananda1964"]
[Black "El_Matador12"]
[Result "0-1"]
[WhiteElo "2398"]
[BlackElo "2585"]
[TimeControl "180+1"]
[EndTime "9:05:50 PDT"]
[Termination "El_Matador12 won on time"]

1. e4 c6 2. d4 d5 3. Nd2 dxe4 4. Nxe4 Nf6 5. Ng3 h5 6. h4 Bg4 7. Be2 Bxe2 8. N1xe2 e6 9. c4 Bd6 10. Bg5 Nbd7 11.
Qd3 Qa5+ 12. Bd2 Bb4 13. Nc3 O-O-O 14. a3 Ne5 15. Qb1 Nxc4 16. axb4 Qxb4 17. Be3 Nxb2 18. O-O Qxc3 19. Rc1 Qb4 20. Ra2 Nd3 21. Qxd3 a6 22. Rb1 Qd6 23. Qb3 Rd7 24. Bg5 Qd5 25. Qb4 Qb5 26. Qe1 Qd5 27. Bxf6 Qxa2 28. Ra1 Qd5 29.
Bxg7 Rg8 30. Be5 f5 31. Rb1 Rg4 32. f3 Rg8 33. Qe2 Rf7 34. Nxh5 f4 35. Nxf4 Qd7 36. h5 Rgf8 37. Qe4 Kd8 38. h6 Rg8 39. Re1 Rh7 40.
Kf2 Rxh6 41. Nd3 Qd5 42. Qf4 Rhg6 43. Nc5 Rxg2+ 44. Ke3 Qa2 45. Bf6+ Kc8 46. Qd6 Qd2+ 47. Ke4 Qxe1+ 48. Kf4 Qg3+ 0-1

[Event "Early-Titled-Tuesday-Blitz-October-24-2023"]
[Site "Chess.com"]
[Date "2023.10.24"]
[Round "6"]
[White "SlippperyWhenWet"]
[Black "zverr1"]
[Result "1-0"]
[WhiteElo "2359"]
[BlackElo "2497"]
[TimeControl "180+1"]
[EndTime "9:05:50 PDT"]
[Termination "SlippperyWhenWet won on time"]

1. c4 Nf6 2. Nf3 g6 3. g3 Bg7 4. Bg2 O-O 5. O-O c6 6. Nc3 d5 7.
cxd5 cxd5 8. d4 Ne4 9. Ne5 Nxc3 10. bxc3 Nd7 11. Nd3 e6 12. Bf4 Nb6 13. Rb1 Nc4 14.
Ne5 Nxe5 15. Bxe5 Bxe5 16. dxe5 Qc7 17. Qd4 b6 18. c4 Ba6 19. cxd5 exd5 20. Rfc1 Qe7 21.
Qxd5 Bxe2 22. Re1 Rad8 23. Qb3 Bg4 24. Rbc1 Be6 25. Qa4 Rc8 26. h4 Rfd8 27. h5 Kg7 28.
Qf4 g5 29. Qa4 h6 30. a3 Qd7 31. Qb4 Rxc1 32. Rxc1 Re8 33. Bf3 Rc8 34. Rd1 Qe8 35. Qd4 Rc5 36. Re1 Qc8 37. Be4 Qc7 38. Bd3 Rd5 39. Qe4 Kf8 40. Bc4 Rc5 41. Bxe6 fxe6 42. Qf3+ Qf7 43. Qd3 Kg7 44. Rd1 Rd5 45. Qe2 Rxd1+ 46.
Qxd1 Qe7 47. Qd3 Kf8 48. Qg6 Qxa3 49. Qxh6+ Ke7 50. Qxg5+ Kd7 51. h6 Qa2 52. Qg7+ Kc6 53. h7 Qb1+ 54. Kh2 Qf1 55. Qf6 1-0

[Event "Early-Titled-Tuesday-Blitz-October-24-2023"]
[Site "Chess.com"]
[Date "2023.10.24"]
[Round "6"]
[White "NovozhilovSemen"]
[Black "K_A_S_T_O_R"]
[Result "1-0"]
[WhiteElo "2708"]
[BlackElo "2865"]
[TimeControl "180+1"]
[EndTime "9:05:51 PDT"]
[Termination "NovozhilovSemen won by resignation"]

1. d4 Nf6 2. Nf3 e6 3. e3 d5 4. Bd3 c5 5. b3 Nc6 6. O-O Bd6 7. Bb2 O-O 8. c4 cxd4 9. exd4 b6 10. Nc3 Bb7 11.
cxd5 Nxd5 12. Nxd5 exd5 13. a3 Re8 14. Qd2 Qf6 15.
Rfe1 Na5 16. Bc2 Nc6 17. Re2 Rxe2 18. Qxe2 Qe7 19. Qd3 g6 20. Re1 Qf8 21. Ne5 Bxa3 22. Nd7 Qd6 23. Bxa3 Qxd7 24. h4 Re8 25. Re3 Nd8 26. h5 Ne6 27. Qe2 Bc6 28. Qd2 Ng7 29. h6 Ne6 30. Re5 f6 31. Re3 Ng5 32. Rxe8+ Qxe8 33. Qf4 Kf7 34. Qc7+ Qd7 35. Qb8 Ne4 36. f3 Ng5 37. Qh8 Ke6 38. Bc1 Qe8 39. Qg7 Qf7 40.
Bxg5 fxg5 41. Qe5+ Kd7 42. Qxg5 Kc8 43. Qe5 Be8 44.
Bd3 Kb7 45. Be2 Qd7 46. f4 Bf7 47. Bf3 Be6 48. g4 a5 49. f5 gxf5 50. g5 Bf7 51. Qf6 Qe6 52. Qxe6 Bxe6 53. g6 Bg8 54. Bxd5+ 1-0

[Event "Early-Titled-Tuesday-Blitz-October-24-2023"]
[Site "Chess.com"]
[Date "2023.10.24"]
[Round "6"]
[White "sergeikim"]
[Black "amanjazu"]
[Result "1-0"]
[WhiteElo "2601"]
[BlackElo "2413"]
[TimeControl "180+1"]
[EndTime "9:05:53 PDT"]
[Termination "sergeikim won by resignation"]

1. d4 Nf6 2. c4 g6 3. Nc3 Bg7 4.
e4 d6 5. Nge2 O-O 6. Ng3 Nc6 7. d5 Nb4 8. Be2 a5 9. O-O Na6 10. Be3 Nd7 11. Qd2 Nac5 12. Bh6 Nf6 13. Bxg7 Kxg7 14. f4 h5 15. e5 Ng4 16. Qd4 Kg8 17.
Bxg4 Bxg4 18. h3 Bd7 19. Rae1 e6 20. Nce4 Nxe4 21. Nxe4 exd5 22. Nf6+ Kh8 23. cxd5 dxe5 24. fxe5 Ra6 25. e6 Bxe6 26. Qf4 Kg7 27. Qe5 Bc8 28. Nxh5+ Kh6 29. Nf6 Bf5 30. Ne4 Bxe4 31. Qxe4 f5 32. Qd4 Qf6 33. Re5 Rd6 34. Rfe1 Rfd8 35. Qf4+ Qg5 36. Qf3 c6 37. dxc6 bxc6 38. Re7 Rd2 39.
Qxc6 R8d3 40. Qb7 Rxg2+ 41. Qxg2 Rg3 42. R7e2 Rxg2+ 43. Rxg2 Qh4 44. Ree2 Qxh3 45. Rh2 Qxh2+ 46. Kxh2 Kg5 47. Kg3 f4+ 48. Kf3 Kf5 49. Rg2 g5 50. Rg1 a4 51. b3 a3 52. b4 Ke6 53.
Rxg5 1-0

[Event "Early-Titled-Tuesday-Blitz-October-24-2023"]
[Site "Chess.com"]
[Date "2023.10.24"]
[Round "6"]
[White "Nbk90"]
[Black "OPQRC"]
[Result "0-1"]
[WhiteElo "2210"]
[BlackElo "2589"]
[TimeControl "180+1"]
[EndTime "9:05:53 PDT"]
[Termination "OPQRC won on time"]

1. d4 Nf6 2. Nf3 d5 3. Bf4 e6 4.
Nbd2 Bd6 5. Bxd6 cxd6 6. e3 O-O 7. c4 dxc4 8. Bxc4 a6 9. O-O b5 10. Bd3 Bb7 11. e4 e5 12. Re1 Nbd7 13. d5 Rc8 14. b4 Qb6 15. Nb3 Rc3 16. Qd2 Rfc8 17. Rac1 Rxc1 18. Rxc1 Rxc1+ 19. Qxc1 Kf8 20. Na5 Nb8 21.
Nh4 g6 22. Qg5 Ke7 23. Nf3 Bc8 24. h3 Qc7 25. Kh2 Qc3 26. Bf1 Qxb4 27. Nc6+ Nxc6 28. dxc6 Qxe4 29. Kg1 Qxc6 30. Nh2 Be6 31. Ng4 Bxg4 32.
hxg4 Qe4 33. f3 Qf4 34. Qh4 Qe3+ 35. Kh2 Qf4+ 36. Kg1 Qd4+ 37. Kh2 Qd2 38. g5 Nd5 39. Qxh7 Qxg5 40. g3 Ne3 41. Bh3 Nf5 42. Bxf5 Qxf5 43.
Qg8 Qxf3 44. Qb8 Qe2+ 45. Kh3 Qf1+ 46. Kh2 Qe2+ 47. Kh3 e4 48. Qc7+ Ke6 49. Qc8+ Kf6 50. Qxa6 Qd2 51. Qxb5 e3 52. g4 e2 53. g5+ Kg7 54. Qb2+ Qxb2 0-1

[Event "Early-Titled-Tuesday-Blitz-October-24-2023"]
[Site "Chess.com"]
[Date "2023.10.24"]
[Round "6"]
[White "MunichMouse"]
[Black "Mr_Lion22"]
[Result "0-1"]
[WhiteElo "2316"]
[BlackElo "2488"]
[TimeControl "180+1"]
[EndTime "9:05:53 PDT"]
[Termination "Mr_Lion22 won by resignation"]

1. d4 d5 2. c4 e6 3. Nf3 c6 4.
e3 Bd6 5. Nc3 f5 6. Ne5 Nf6 7. f4 O-O 8. Be2 b6 9. O-O Bb7 10. Bf3 Nbd7 11. b3 Ne4 12. Nxe4 dxe4 13. Nxd7 exf3 14. Nxf8 fxg2 15. Rf3 Bxf8 16. Rg3 c5 17.
Bb2 Qc7 18. d5 exd5 19. Qh5 Qd7 20. Rd1 Qe6 21. Be5 dxc4 22. Rd6 Qe8 23. Qxe8 Rxe8 24. Rd7 Rxe5 25. fxe5 c3 26. Rd3 c2 27. Rc3 Be4 28. Rxg2 Bxg2 29. Kxg2 Kf7 30. Rxc2 Ke6 31. Rd2 Be7 32.
Kf3 g5 33. e4 f4 34. Rd5 h5 35.
h3 a6 36. a4 b5 37. a5 c4 38.
bxc4 bxc4 39. Ke2 c3 40. Kd3 g4 41. hxg4 hxg4 42. Kxc3 g3 43. Rd1 g2 44. Kd3 Bc5 45. Ke2 g1=Q 46. Rxg1 Bxg1 47. Kf3 Kxe5 48. Kg2 Kxe4 49.
Kxg1 Ke3 50. Kf1 Kf3 51. Ke1 Kg2 52. Kd2 f3 53. Kd3 f2 54. Kd4 f1=Q 55. Kc5 Qb5+ 56.
Kd6 Qxa5 0-1

[Event "Early-Titled-Tuesday-Blitz-October-24-2023"]
[Site "Chess.com"]
[Date "2023.10.24"]
[Round "6"]
[White "seopie"]
[Black "pedro_gines"]
[Result "1-0"]
[WhiteElo "2916"]
[BlackElo "2742"]
[TimeControl "180+1"]
[EndTime "9:05:55 PDT"]
[Termination "seopie won by resignation"]

1. d4 Nf6 2. c4 e6 3. Nf3 a6 4. Nc3 d5 5. cxd5 exd5 6. Bg5 Be6 7. e3 Nbd7 8. Bd3 h6 9. Bf4 Nh5 10. Be5 Nhf6 11. Bg3 Nh5 12. Bh4 g5 13. Bg3 Nxg3 14. hxg3 Bg7 15. Qc2 c5 16. dxc5 Nxc5 17. O-O h5 18. Bf5 Rc8 19. Bxe6 Nxe6 20. Rad1 Bxc3 21. bxc3 g4 22. Nh4 Qg5 23. Qb3 Rc5 24. Qxb7 O-O 25. Qxa6 Qe5 26. Rc1 Rfc8 27. Rfd1 Rxc3 28. Rxc3 Rxc3 29.
Qa8+ Kg7 30. Qxd5 Qxd5 31. Rxd5 Rc1+ 32. Kh2 Rc2 33. Kg1 Rc1+ 34. Kh2 Rc2 35. Rxh5 Rxf2 36. a4 Ra2 37. a5 Kf6 38. Rb5 Ra3 39. e4 Ra4 40. e5+ Kg5 41. Rb7 Rxa5 42. Rxf7 Rxe5 43. Re7 Kf6 44. Ra7 Re4 45. Ra5 Rb4 46. Rf5+ Kg7 47.
Rf1 Ng5 48. Rf4 Re4 49. Kg1 Kh6 50. Kf2 Kg7 51. Nf5+ Kg6 52. Ne3 Re8 53. Rxg4 Kh5 54.
Rh4+ Kg6 55. Nd5 Ne4+ 56. Kf3 Ng5+ 57. Kg4 Re4+ 58. Nf4+ Kf6 59. Rh6+ Kg7 60. Rg6+ 1-0

[Event "Early-Titled-Tuesday-Blitz-October-24-2023"]
[Site "Chess.com"]
[Date "2023.10.24"]
[Round "6"]
[White "Yeremyan_ChessMate"]
[Black "bardiya_Daneshvar"]
[Result "1-0"]
[WhiteElo "2789"]
[BlackElo "2956"]
[TimeControl "180+1"]
[EndTime "9:06:05 PDT"]
[Termination "Yeremyan_ChessMate won by resignation"]

1. e4 c5 2. Nc3 Nc6 3. Bb5 Nd4 4. Bc4 e6 5. Nge2 a6 6. a4 Ne7 7. O-O Nec6 8. d3 Be7 9. Nxd4 cxd4 10. Ne2 O-O 11. Bb3 d6 12. Bd2 Bd7 13. a5 Rc8 14. f4 e5 15. Ng3 Kh8 16. Qh5 g6 17. Qh6 Bf6 18. fxe5 Bg7 19. Qg5 Qxg5 20. Bxg5 Nxe5 21. Be7 Rfe8 22. Bxd6 f6 23. Ne2 Rcd8 24. Nxd4 Bg4 25.
Bxe5 fxe5 26. Nf3 Bf6 27. Bd5 Bc8 28. c3 Kg7 29. Nd2 Re7 30. Nc4 Bg5 31. Rad1 Bg4 32. Rde1 Bh4 33. g3 Bg5 34. Kg2 h5 35. h3 Bd7 36. h4 Bh6 37. Re2 Bc6 38. Nb6 Bb5 39. c4 Be8 40. b4 Rc7 41. c5 Bb5 42. Bc4 Rxd3 43. Bxd3 Bxd3 44. Ref2 Bxf1+ 45. Kxf1 Be3 46. Rf3 Bd2 47. Nd5 Rd7 48. Ke2 Bc1 49. Kd3 g5 50. hxg5 Bxg5 51. Rf5 Kg6 52. Rxe5 Rf7 53. Re6+ Kg7 54. Nf4 Bxf4 55. gxf4 Rxf4 56. Re7+ Kg6 57. Rxb7 h4 58. c6 Rf8 59. c7 Rc8 60. Ke3 Kf6 61. Rb6+ Ke5 62. Rc6 h3 63. Rc5+ Kd6 64. e5+ Kd7 65. Kf2 Rh8 66. c8=Q+ Rxc8 67. e6+ 1-0

[Event "Early-Titled-Tuesday-Blitz-October-24-2023"]
[Site "Chess.com"]
[Date "2023.10.24"]
[Round "6"]
[White "Lennis93"]
[Black "zajka-molotok"]
[Result "1/2-1/2"]
[WhiteElo "2732"]
[BlackElo "2559"]
[TimeControl "180+1"]
[EndTime "9:06:08 PDT"]
[Termination "Game drawn - insufficient material"]

1. c4 e5 2. Nc3 Bb4 3. Nf3 Bxc3 4.
bxc3 d6 5. e4 Be6 6. Rb1 Qc8 7.
d4 Nd7 8. h3 f6 9. Qa4 Ne7 10. c5 dxc5 11. dxe5 O-O 12. exf6 Nxf6 13. Bc4 b6 14. O-O Kh8 15. Re1 c6 16. Ng5 Bxc4 17. Qxc4 Qe8 18. Ne6 Qf7 19. Qb3 Ng6 20. Nxf8 Qxf8 21.
Bg5 Nd7 22. Qe6 Nde5 23. Rbd1 Re8 24. Qf5 Qg8 25. f4 Nc4 26. Rd7 Rf8 27. Qg4 Nce5 28.
fxe5 Nxe5 29. Qd1 Nxd7 30. Qxd7 Qxa2 31. Qd2 Qxd2 32. Bxd2 a5 33. c4 a4 34. Rb1 Rb8 35.
Be3 a3 36. Bf4 a2 37. Ra1 Ra8 38. Bd6 Kg8 39. e5 Kf7 40. Kf2 Ke6 41. Ke3 Ra3+ 42. Ke4 Ra4 43. Kd3 b5 44. cxb5 cxb5 45. Bxc5 Kxe5 46.
Bf8 g6 47. Bg7+ Kd5 48. Re1 Ra3+ 49. Kc2 b4 50. Bb2 Rg3 51. Re2 Kc4 52. Re4+ Kb5 53.
Rg4 b3+ 54. Kd2 Rxg4 55. hxg4 Kc4 56. Ke3 g5 57. Ke4 h6 58. g3 Kc5 59. Kd3 Kd5 60. Bg7 Kc5 61. Kd2 Kc4 62. Kc1 Kd3 63. Kb2 Ke4 64.
Bxh6 Kf3 65. Bxg5 Kxg3 66. Bf6 Kxg4 67. Kxb3 a1=Q 68. Bxa1 1/2-1/2

[Event "Early-Titled-Tuesday-Blitz-October-24-2023"]
[Site "Chess.com"]
[Date "2023.10.24"]
[Round "6"]
[White "Resignify"]
[Black "Millerkallpa"]
[Result "1-0"]
[WhiteElo "2300"]
[BlackElo "2036"]
[TimeControl "180+1"]
[EndTime "9:06:12 PDT"]
[Termination "Resignify won by checkmate"]

1. e4 e5 2. Nf3 Nc6 3. Bb5 a6 4. Ba4 Nf6 5. O-O Be7 6. Re1 b5 7. Bb3 O-O 8. c3 d6 9. d3 Na5 10. Bc2 c5 11. Nbd2 Re8 12. Nf1 Bf8 13. a4 Be6 14. Ne3 h6 15. Nf5 Nc6 16. axb5 axb5 17.
Rxa8 Qxa8 18. Bb3 d5 19. exd5 Bxd5 20. Bxd5 Nxd5 21. Qb3 Nc7 22. h3 Qc8 23. Ng3 Qe6 24. Qc2 Nd5 25. Ne4 f5 26. Ng3 Qd7 27. Qb3 Kh8 28.
Qxb5 Nf4 29. Nxf5 Qxf5 30. Qxc6 Re6 31. Qe4 Qxe4 32. dxe4 Nd3 33. Rd1 c4 34. Ne1 Nxc1 35. Rxc1 Rd6 36. Kf1 Rd2 37. Rc2 Rd1 38. Ke2 Rb1 39. Nf3 Bc5 40. Nxe5 Bd6 41. Nxc4 Bf4 42. Nd2 Bg5 43. g3 Rh1 44. f4 Bf6 45. h4 Rh2+ 46. Kf3 Rh1 47. e5 Be7 48. Ne4 Ra1 49. b4 Ra3 50. Ke2 Rb3 51. Nd2 Rb1 52. Kd3 Ra1 53. Ne4 Ra8 54. Kd4 Kg8 55. b5 Rb8 56. c4 Bd8 57. Nd6 Ba5 58. Kd5 Kf8 59. c5 Ke7 60. b6 Bb4 61. Rb2 Ba5 62. Rb5 Bd2 63.
c6 Be3 64. c7 Ra8 65. c8=Q Rxc8 66. Nxc8+ Kd7 67. b7 Bf2 68. b8=Q Bxg3 69. Qd6+ Ke8 70.
Qe7# 1-0

[Event "Early-Titled-Tuesday-Blitz-October-24-2023"]
[Site "Chess.com"]
[Date "2023.10.24"]
[Round "6"]
[White "Nick12772"]
[Black "SlavenPastar"]
[Result "0-1"]
[WhiteElo "2375"]
[BlackElo "2606"]
[TimeControl "180+1"]
[EndTime "9:06:14 PDT"]
[Termination "SlavenPastar won by checkmate"]

1. Nf3 b6 2. g3 Bb7 3. Bg2 g6 4. O-O Bg7 5. c4 Nf6 6. Nc3 O-O 7. d3 d5 8. cxd5 Nxd5 9. Bd2 Nd7 10. Nxd5 Bxd5 11. Bc3 Nf6 12. b4 Qc8 13. b5 c5 14.
a4 a6 15. Ne5 Bxg2 16. Kxg2 Nd5 17. Nc6 Bxc3 18. Rc1 Bf6 19. e4 axb5 20. axb5 Qd7 21. exd5 Qxd5+ 22. Qf3 Qxf3+ 23. Kxf3 Ra3 24. Rfd1 Rfa8 25.
Ke2 Rb3 26. Rb1 Ra2+ 27. Ke3 Rbb2 28. Rxb2 Rxb2 29. h4 h5 30. f4 Rxb5 31. Ne5 Bxe5 32. fxe5 e6 33. Ra1 Rb3 34. Ke4 b5 35. Ra8+ Kg7 36. Rc8 c4 37. dxc4 bxc4 38. Kf4 Rc3 39. Rc7 Rc1 40. Rc8 c3 41. Ke3 c2 42. Kd2 Rg1 43.
Kxc2 Rxg3 44. Rc4 Re3 45. Kd2 Rxe5 46. Kd3 Re1 47. Kd2 Rg1 48. Ke2 Rg4 49. Rc8 Rxh4 50. Kf3 Rg4 51. Rc7 Rg5 52. Kf4 Rf5+ 53. Kg3 Kf6 54. Ra7 Kg5 55. Ra4 h4+ 56. Kh3 Rf3+ 57. Kg2 Rg3+ 58. Kh2 f5 59. Rb4 e5 60. Ra4 e4 61.
Rb4 e3 62. Rb2 f4 63. Ra2 Kg4 64. Rb2 g5 65. Ra2 f3 66. Ra1 Rg2+ 67. Kh1 Re2 68. Rg1+ Kh3 69. Rf1 g4 70. Ra1 g3 71. Rb1 g2+ 72.
Kg1 f2# 0-1

[Event "Early-Titled-Tuesday-Blitz-October-24-2023"]
[Site "Chess.com"]
[Date "2023.10.24"]
[Round "6"]
[White "verrbaa"]
[Black "rajesh1464"]
[Result "1-0"]
[WhiteElo "2441"]
[BlackElo "2299"]
[TimeControl "180+1"]
[EndTime "9:06:15 PDT"]
[Termination "verrbaa won on time"]

1. Nf3 Nf6 2. c4 g6 3. Nc3 Bg7 4. e4 d6 5. d4 Bg4 6. Be2 O-O 7. Be3 Nfd7 8. h3 Bxf3 9. Bxf3 c5 10. d5 Na6 11. O-O Nc7 12. Be2 a6 13. Qc2 Rb8 14. a4 e5 15. a5 f5 16. exf5 gxf5 17. f4 Ne8 18. fxe5 Nxe5 19. Rxf5 Nf6 20. Raf1 Qe7 21.
Bg5 h6 22. Bh4 Ned7 23. Bd3 Qe3+ 24. Bf2 Qe7 25. Bg3 Qe3+ 26. Kh2 Ne8 27. Rxf8+ Nxf8 28. Ne4 Rd8 29. Rf3 Qd4 30. b3 Rd7 31. Qf2 Be5 32.
Qxd4 Bxd4 33. Bf4 Bg7 34. Rg3 Kh8 35. Nf2 Rf7 36. Be3 Nd7 37. Rf3 Rxf3 38. gxf3 Bc3 39. Ne4 Bxa5 40. Bxh6 b5 41. Bf4 bxc4 42. Bxc4 Bc7 43.
Kg3 a5 44. h4 Nef6 45. Nxf6 Nxf6 46. Bg5 Kg7 47. Kf4 Nh5+ 48. Kf5 Ng3+ 49. Kg4 Nh1 50.
Be3 Bd8 51. Kh3 Bf6 52. Kg2 Bd4 53. Bxd4+ cxd4 54. Kxh1 Kf6 55. Kg2 Kf5 56. Kf2 Kf4 57. Bd3 1-0

[Event "Early-Titled-Tuesday-Blitz-October-24-2023"]
[Site "Chess.com"]
[Date "2023.10.24"]
[Round "6"]
[White "lluiss"]
[Black "Alenzer"]
[Result "1-0"]
[WhiteElo "2211"]
[BlackElo "2064"]
[TimeControl "180+1"]
[EndTime "9:06:24 PDT"]
[Termination "lluiss won by resignation"]

1. Nf3 d5 2. d4 Nf6 3. c4 dxc4 4. e3 a6 5. Bxc4 e6 6. O-O b5 7. Be2 Bb7 8. a4 b4 9. Nbd2 Be7 10. Nb3 a5 11. Qc2 Nbd7 12. Bb5 O-O 13. Bc6 Qc8 14. Bd2 Nb8 15. Bxb7 Qxb7 16. Rfc1 Rc8 17. Ne5 c5 18. Nxc5 Bxc5 19. dxc5 Ne4 20. c6 Nxc6 21. Qxe4 Nd8 22.
Qxb7 Nxb7 23. Rxc8+ Rxc8 24. Rc1 Rxc1+ 25. Bxc1 Nc5 26.
Nc4 Nxa4 27. Nxa5 Kf8 28. b3 Nc3 29. Bd2 Nd5 30. Nc6 Ke8 31. Nxb4 Nb6 32. Kf1 Kd7 33. Ke2 Kd6 34. Kd3 f5 35. f4 g6 36. Kd4 Nd7 37. Kd3 Nc5+ 38. Kc4 Ne4 39. Be1 e5 40. fxe5+ Kxe5 41. Nd3+ Kd6 42. b4 Kc6 43. b5+ Kb6 44. Bb4 g5 45.
Bc5+ Kc7 46. Bb4 Kb6 47. Ne5 f4 48. exf4 gxf4 49. Nd7+ Kc7 50. Nc5 Nd6+ 51. Kd5 Nxb5 52. Bd2 Kd8 53. Bxf4 Nc3+ 54. Ke6 Ke8 55. Bd6 Ne2 56.
g4 Nd4+ 57. Kf6 Nf3 58. Ne4 Kd7 59. Bg3 Nd4 60. Kg7 h5 61. gxh5 Ke6 62. h6 Nf5+ 63.
Kh7 Kf7 64. Ng5+ Kf8 65. Ne6+ Kf7 66. Ng7 Ne7 67. Bd6 Ng6 68. Nf5 Ke6 69. Kxg6 1-0

[Event "Early-Titled-Tuesday-Blitz-October-24-2023"]
[Site "Chess.com"]
[Date "2023.10.24"]
[Round "6"]
[White "cthulhuuu"]
[Black "gau248"]
[Result "0-1"]
[WhiteElo "2409"]
[BlackElo "2600"]
[TimeControl "180+1"]
[EndTime "9:06:25 PDT"]
[Termination "gau248 won by resignation"]

1. e4 e5 2. Nf3 Nc6 3. Bb5 a6 4. Bxc6 dxc6 5. O-O f6 6. d4 Bg4 7. dxe5 Qxd1 8. Rxd1 Bxf3 9. gxf3 fxe5 10. f4 Bd6 11. fxe5 Bxe5 12. f4 Bd6 13. Be3 Ne7 14. Nd2 O-O 15.
Nc4 Bxf4 16. Rd7 Ng6 17. Rf1 Bxe3+ 18. Nxe3 Rxf1+ 19. Kxf1 Rf8+ 20. Nf5 Rf7 21. Rd8+ Rf8 22. Rd7 Rf7 23. Rd8+ Nf8 24. Ke2 Rd7 25. Rb8 g6 26.
Ne3 b6 27. Ng4 Kg7 28. Re8 Kf7 29. Rc8 Re7 30. Kf3 h5 31. Ne3 Ne6 32. h4 Nd4+ 33. Kf4 Nb5 34. e5 Nd4 35. Rh8 Kg7 36. Rc8 Ne6+ 37.
Ke4 Rd7 38. Ng2 Nc5+ 39. Kf4 Rf7+ 40. Ke3 Re7 41. Kf4 a5 42. Ne3 a4 43. Nc4 Kf7 44. Nd2 Ke6 45. Nf3 Rf7+ 46. Ke3 Kd5 47. Ng5 Re7 48. Kf4 Ne6+ 49. Nxe6 Kxe6 50. Kg5 Kxe5 51. Kxg6 Kd6 52. Kxh5 Re2 53. Rg8 Rxc2 54. Rg4 b5 55. Kg5 Rxb2 56. h5 Rh2 57. Rh4 Rxh4 58. Kxh4 Ke6 59. Kg5 Kf7 60. Kf5 c5 61. Ke4 b4 62.
Kd3 b3 63. axb3 axb3 64. Kc3 c4 65. h6 Kg6 66. Kxc4 b2 67. Kb3 b1=Q+ 0-1